AoeStats
← Obelix

Four Lakes

509517703Analyzed
1v1 RM · 6d ago on Sep 27, 2026· 64m 10s· 2 players
Game mode
Random Map
Map size
Tiny (2 player)
Population
200
Speed
Normal
Resources
Standard
Victory
Conquest
Starting age
Dark Age
Ending age
Imperial Age
RankedLock teamsTeams togetherTeam positionsShared explorationLock speedFull tech treeHidden civsTurbo modeCheats
Victory
Defeat
🇺🇸 Bohemians · United States
626
+19
🇦🇺 Bengalis · Australia
700
-31
gobears_teddybears
1:43 Loom
11:15 Feudal Age
12:47 Arson
13:28 Man-at-Arms
25:52 Scale Mail Armor
26:05 Forging
29:14 Castle Age
29:04 Fletching
29:55 Scale Barding Armor
32:29 Double-Bit Axe
32:48 Bodkin Arrow
34:00 Squires
33:22 Pikeman
38:21 Fishing Lines
43:10 Iron Casting
46:38 Imperial Age
45:10 Husbandry
47:15 Long Swordsman
49:25 Wheelbarrow
48:35 Town Watch
49:11 Chain Mail Armor
49:57 Blast Furnace
48:59 Bracer
50:03 Chemistry
49:24 Ballistics
49:01 Light Cavalry
49:35 Onager
50:52 Houfnice
51:12 Halberdier
57:14 Plate Mail Armor
57:49 Two-Handed Swordsman
59:10 Champion
60:54 Chain Barding Armor
Obelix
3:13 Loom
11:27 Feudal Age
12:38 Man-at-Arms
18:59 Castle Age
20:58 Long Swordsman
21:24 Gambesons
25:54 Scale Mail Armor
25:59 Horse Collar
32:22 Forging
35:22 Redemption
35:36 Sanctity
35:20 Devotion
35:25 Atonement
36:43 Scale Barding Armor
40:59 Husbandry
41:10 Bloodlines
41:38 Iron Casting
41:32 Paiks
42:27 Fishing Lines
46:24 Imperial Age
44:17 Double-Bit Axe
44:34 Heavy Plow
44:54 Chain Mail Armor
44:50 Fletching
45:00 Padded Archer Armor
47:27 Conscription
47:16 Murder Holes
47:35 Fortified Wall
49:41 Elite Skirmisher
52:20 Chemistry
54:43 Two-Handed Swordsman
57:12 Elite Ratha (Ranged)
60:38 Bodkin Arrow
63:41 Blast Furnace
63:02 Chain Barding Armor
Connection lost

Rejoining the realm…

Still unreachable

The connection could not be restored.

Session expired

The server has moved on; the page needs a fresh start.